AoeStats
← 玩印度的哥们硬不起来

Arena

509558629Analyzed
4v4 RM · 6d ago on Sep 27, 2026· 20m 15s· 8 players
Game mode
Random Map
Map size
Large (8 player)
Population
200
Speed
Normal
Resources
Standard
Victory
Conquest
Starting age
Dark Age
Ending age
Imperial Age
RankedLock teamsTeams togetherTeam positionsShared explorationLock speedFull tech treeHidden civsTurbo modeCheats
Victory
Defeat
1538
+12
🇨🇳 Franks · China
1529
+12
🇰🇷 Saxons · South Korea
1526
+12
1431
+16
🇺🇸 Ethiopians · United States
1533
-17
🇨🇳 Poles · China
1445
-13
🇳🇿 Bohemians · New Zealand
1401
-11
🇹🇼 Teutons · Taiwan
1395
-11
只会种田
9:45 Feudal Age
13:57 Castle Age
12:09 Double-Bit Axe
20:09 Scale Barding Armor
玩印度的哥们硬不起来
4:13 Loom
10:58 Feudal Age
15:20 Wheelbarrow
18:10 Castle Age
Yucatan_water_supremacy
5:58 Loom
9:01 Feudal Age
11:05 Fletching
11:03 Town Watch
15:22 Double-Bit Axe
19:55 Wheelbarrow
ahnimah
10:47 Feudal Age
Ohlan100
9:42 Feudal Age
13:32 Castle Age
11:27 Double-Bit Axe
12:54 Horse Collar
14:46 Bow Saw
18:24 Fletching
飛衫走奶
5:41 Loom
8:55 Feudal Age
11:00 Fletching
20:01 Double-Bit Axe
19:57 Horse Collar
20:57 Wheelbarrow
Wouldn'tyouknow
10:11 Feudal Age
10:27 Loom
14:45 Castle Age
13:50 Double-Bit Axe
Dd
Connection lost

Rejoining the realm…

Still unreachable

The connection could not be restored.

Session expired

The server has moved on; the page needs a fresh start.